 Dungeon Crawl Stone Soup version 0.29.1-15-g9cfb28693d (webtiles) character file.

Game seed: 7914275059452902673

10 Jase the Caller (level 2, 19/19 HPs)
             Began as a Merfolk Summoner on Apr 23, 2023.
             Was a Follower of Vehumet.
             Quit the game on level 1 of the Dungeon.
             The game lasted 00:03:18 (626 turns).

Jase the Caller (Merfolk Summoner)                   Turns: 626, Time: 00:03:19

Health: 19/19      AC:  2    Str:  8    XL:     2   Next: 20%
Magic:  5/5        EV: 13    Int: 14    God:    Vehumet [*.....]
Gold:   70         SH:  0    Dex: 14    Spells: 4/5 levels left

rFire   + . .      SeeInvis .   a - +0 short sword
rCold   . . .      Faith    .   (no shield)
rNeg    . . .      Spirit   .   g - +0 robe
rPois   .          Reflect  .   (no helmet)
rElec   .          Harm     .   (no cloak)
rCorr   .          Rampage  .   (no gloves)
Will    .....                   (no boots)
Stlth   ++........              (no amulet)
HPRegen 0.06/turn               i - ring of protection from fire
MPRegen 0.09/turn               (no ring)

@: no status effects
A: (nimble swimmer 2), mertail
a: Renounce Religion


You were on level 1 of the Dungeon.
You worshipped Vehumet.
Vehumet was aware of your devotion.
You visited 1 branch of the dungeon, and saw 1 of its levels.

You collected 70 gold pieces.

Inventory:

Hand Weapons
 a - a +0 short sword (weapon)
Missiles
 c - 11 stones
Armour
 g - a +0 robe (worn)
Jewellery
 i - a ring of protection from fire (left hand)
Scrolls
 d - 2 scrolls of noise {unknown}
 f - a scroll of fear {unknown}
 h - a scroll of identify {unknown}
Potions
 b - a potion of magic
 e - 2 potions of might {unknown}


   Skills:
 - Level 3.0 Dodging
 - Level 2.4 Stealth
 + Level 2.2 Spellcasting
 * Level 4.1 Summonings


You had 4 spell levels left.
You knew the following spells:

 Your Spells              Type           Power      Damage    Failure   Level
a - Summon Small Mammal   Summ           52%        N/A       4%          1

Your spell library contained the following spells:

 Spells                   Type           Power      Damage    Failure   Level
 Magic Dart               Conj           4%         1d3       24%         1
 Call Imp                 Summ           13%        N/A       6%          2
 Call Canine Familiar     Summ           13%        N/A       13%         3
 Slow                     Hex            4%         N/A       24%         1
 Summon Guardian Golem    Hex/Summ       7%         N/A       30%         3
 Confusing Touch          Hex            1%         N/A       56%         3
 Vampiric Draining        Necr           1%         2d6       56%         3
 Summon Lightning Spire   Summ/Air       7%         N/A       69%         4


Dungeon Overview and Level Annotations

Branches:
Dungeon (1/15)

Altars:
Vehumet


Innate Abilities, Weirdness & Mutations

((You are very nimble when in or above water. (Stealth+, EV+, Speed+++)))
Your lower body shifts to a powerful aquatic tail in water.


Message History

Your rat disappears in a puff of smoke! x2
Magic restored.
You start resting.
HP restored.
c - 5 stones (gained 1)
You see here a +0 short sword.
You now have 49 gold pieces (gained 18).
Found a faded altar of an unknown god.
You see here a +0 short sword.
g - a +0 short sword Adjust to which letter? (? for menu, Esc to quit)
a - a +0 short sword;
g - a +0 robe (worn)
a - a +0 short sword (weapon)
You open the door.
h - a scroll labelled NAQEHI DASHUWN Your legs become a tail as you enter the water.
You now have 55 gold pieces (gained 6).
A ball python comes into view.
You open the door.
Found a shiny emerald ring and 15 gold pieces.
Your bat hits the ball python. Your bat hits the ball python.
The ball python dies!
There is an open door here.
i - a ring of protection from fire;
c - 11 stones (gained 6)
i - a ring of protection from fire (left hand)
There is a faded altar of an unknown god here.
You now have 70 gold pieces (gained 15).
You swap places.
There is a faded altar of an unknown god here.
You start resting.
Magic restored.
You cannot tell which god this altar belongs to.
Convert to them anyway?
Uppercase [Y]es or [N]o only, please.
You cannot tell which god this altar belongs to.
Convert to them anyway?
Vehumet accepts your prayer! Vehumet welcomes you!
You can now gain magical power from killing.
Vehumet offers you knowledge of Magic Dart.
Are you sure you want to abandon this character and quit the game? (Confirm with "yes".)

..........#
............# #
...~~~~~....###.#
.~~~~≈≈~~~.......
≈≈~≈≈~≈~....... ## #
≈~≈≈~~~~...... .. .≈≈
#####......... ##
#≈≈≈≈#rb.#.........
#≈≈≈≈#.@.'.########
## #~~≈≈#...#......#
.. ...~~≈#####......#
##
...~≈≈≈≈≈≈~~~~...####
...~≈≈≈≈≈≈≈≈~~.......
#####
....~~≈≈≈≈~~.....####
....#
#####.~≈~~#........#
....#
##....####.....#
....##
####..........##


You could see a friendly bat (summoned) and a friendly rat (summoned).

Vanquished Creatures
  A ball python (D:1)
  A giant cockroach (D:1)
2 creatures vanquished.

Vanquished Creatures (collateral kills)
  3 ball pythons (D:1)
  2 hobgoblins (D:1)
  A bat (D:1)
  A kobold (D:1)
7 creatures vanquished.

Grand Total: 9 creatures vanquished

Notes
Turn   | Place    | Note
-------+----------+-------------------------------------------
     0 | D:1      | Jase the Merfolk Summoner began the quest for the Orb.
     0 | D:1      | Reached XP level 1. HP: 13/13 MP: 3/3
   368 | D:1      | Reached XP level 2. HP: 19/19 MP: 1/5
   564 | D:1      | Found a faded altar of an unknown god.
   625 | D:1      | Prayed at the altar of an unknown god.
   625 | D:1      | Became a worshipper of Vehumet
   625 | D:1      | Reached * piety under Vehumet
   625 | D:1      | Offered knowledge of Magic Dart by Vehumet.
   626 | D:1      | Quit the game

Illustrated notes

Levels and vault maps discovered:
D:1:      ncdulo_watergridlock, layout_basic, nicolae_ecumenical_lake_church

Skill      XL: |  1 |
---------------+----+-----
Dodging        | 3 |  3.0
Stealth        | |  2.4
Spellcasting   | |  2.2
Summonings     | |  4.1

Action                   || total
-------------------------++-------
Melee: Unarmed           ||    14
 Cast: Summon Small Mamm ||    20
 Stab: Sleeping          ||     1
Armor: Robe              ||     3
Dodge: Dodged            ||    19
